 Dungeon Crawl Stone Soup version 0.30-a0-748-ge6a52f7cba (webtiles) character file.

Game seed: 1712953317379157644

1498 Leeroy the Carver (level 8, -2/56 HPs)
             Began as a Merfolk Gladiator on Feb 8, 2023.
             Was a Follower of Okawaru.
             Asphyxiated
             ... on level 7 of the Dungeon.
             The game lasted 00:04:46 (4895 turns).

Leeroy the Carver (Merfolk Gladiator)               Turns: 4895, Time: 00:04:47

Health: -2/56      AC: 16    Str: 15    XL:     8   Next: 81%
Magic:  8/8        EV:  5    Int:  7    God:    Okawaru [*.....]
Gold:   336        SH:  0    Dex: 17    Spells: 7/7 levels left

rFire   . . .      SeeInvis .    a - +0 long sword
rCold   . . .      Faith    +    (no shield)
rNeg    . . .      Spirit   .    s - +0 plate armour
rPois   .          Reflect  .    c - +0 helmet
rElec   .          Harm     .    (no cloak)
rCorr   .          Rampage  .    A - +0 pair of gloves
Will    .....                    (no boots) Stlth
                                 i - amulet of faith
HPRegen 0.29/turn                m - ring of wizardry
MPRegen 0.11/turn                j - +4 ring of protection

@: lethally poisoned (-2 -> -20)
A: (nimble swimmer 2), mertail
a: Renounce Religion, Heroism


You were on level 7 of the Dungeon.
You worshipped Okawaru.
Okawaru was aware of your devotion.
You visited 2 branches of the dungeon, and saw 8 of its levels.

You collected 336 gold pieces.

Inventory:

Hand Weapons
 a - a +0 long sword (weapon)
 B - the +9 trident of Bloody Death {heavy, rCorr Dex-3 Stlth+}
   (You found it on level 3 of the Dungeon)

   Dex:       It affects your dexterity (-3).
   rCorr:     It protects you from acid and corrosion.
   Stlth:     It makes you more stealthy.
 K - a +1 short sword of freezing
Missiles
 d - 5 throwing nets (quivered)
 e - a javelin
 h - 3 silver javelins
 q - 9 boomerangs
 E - 3 silver boomerangs
 I - 4 poisoned darts
Armour
 b - a +0 leather armour
 c - a +0 helmet (worn)
 s - a +0 plate armour (worn)
 A - a +0 pair of gloves (worn)
Jewellery
 i - an amulet of faith (around neck)
 j - a +4 ring of protection (right hand)
 m - a ring of wizardry (left hand)
 y - a ring of see invisible
 D - a +6 ring of dexterity
Wands
 J - a wand of iceblast (6)
Scrolls
 k - 2 scrolls of enchant weapon {unknown}
 l - 3 scrolls of identify {unknown}
 n - 10 scrolls of teleportation {unknown}
 r - 2 scrolls of blinking {unknown}
 t - 3 scrolls of enchant armour {unknown}
 v - a scroll of fog {unknown}
 w - a scroll of torment {unknown}
 x - 2 scrolls of fear {unknown}
 F - a scroll of magic mapping {unknown}
 H - 3 scrolls of noise {unknown}
 L - a scroll of poison {unknown}
Potions
 f - a potion of brilliance {unknown}
 g - 2 potions of heal wounds {unknown}
 o - 4 potions of curing {unknown}
 p - 2 potions of haste {unknown}
 u - a potion of lignification {unknown}
 z - 4 potions of mutation {unknown}
 C - a potion of flight {unknown}
 G - a potion of resistance {unknown}


   Skills:
 - Level 2.1 Fighting
 + Level 13.1 Long Blades
 - Level 2.0 Throwing
 - Level 4.0 Dodging


You had 7 spell levels left.
You didn't know any spells.
Your spell library contained the following spells:

 Spells                   Type           Power      Damage    Failure   Level
 Beastly Appendage        Tmut           0%         N/A       100%        1
 Wereblood                Tmut           0%         N/A       100%        2
 Spider Form              Tmut/Pois      0%         N/A       100%        3


Dungeon Overview and Level Annotations

Branches:
Dungeon (7/15)             Temple (1/1) D:6

Altars:
Ashenzari
Cheibriados
Gozag
Hepliaklqana
Kikubaaqudgha
Makhleb
Nemelex Xobeh
Okawaru
Ru
Sif Muna
Trog
Uskayaw
Vehumet
Wu Jian
Xom
Yredelemnul
Zin
The Shining One

Shops:
D:4 [


Innate Abilities, Weirdness & Mutations

((You are very nimble when in or above water. (Stealth+, EV+, Speed+++)))
Your lower body shifts to a powerful aquatic tail in water.


Message History

The water moccasin bites you.
You slash the water moccasin!
The water moccasin is severely wounded.
The water moccasin bites you. The water moccasin barely misses you.
You slash the water moccasin!
You kill the water moccasin!
Okawaru accepts your kill.
You can now gain great but temporary skills.
Your Long Blades skill increases to level 13!
You slash the kobold!
You kill the kobold!
Okawaru accepts your kill. The kobold barely misses you.
The kobold brigand hits you with a +0 club.
The kobold hits you but does no damage.
Items here: ( ) ††.
You barely miss the kobold brigand. The kobold barely misses you. x2
The kobold brigand hits you with a +0 club.
* * * LOW HITPOINT WARNING * * *
You miss the kobold brigand. The kobold hits you but does no damage.
The kobold hits you with a +0 short sword.
* * * LOW HITPOINT WARNING * * *
The kobold brigand hits you with a +0 club.
* * * LOW HITPOINT WARNING * * *
You slash the kobold brigand!
The kobold brigand is moderately wounded.
The kobold hits you but does no damage. x2
The kobold brigand hits you with a +0 club.
* * * LOW HITPOINT WARNING * * *
The kobold brigand attacks as you move away!
The kobold brigand hits you but does no damage.
The kobold throws a stone.
The stone barely misses you.
You hit the kobold.
You kill the kobold!
The kobold throws a stone.
The stone closely misses you.
The kobold brigand throws a curare-tipped dart.
The curare-tipped dart hits you.
You are lethally poisoned!
You have difficulty breathing.
You die...

### #<# #@# #)#
......KKK......
...............
...............
...............
...............
.######........
.........


You could see a kobold brigand and 2 kobolds.

Vanquished Creatures
  A water moccasin (D:7)
  A black bear (D:6)
  An orc warrior (D:5)
  2 ogres
  A centaur (D:6)
  A phantom (D:6)
  A necrophage (D:5)
  A scorpion (D:5)
  2 jellies
  4 orc priests
  5 hounds
  Jessica (D:2)
  3 iguanas
  Terence (D:2)
  2 orc wizards
  7 gnolls (D:6)
  6 adders
  3 white imps
  A worm (D:3)
  2 dart slugs
  17 orcs
  6 bats
  2 endoplasms
  2 giant cockroaches
  6 goblins
  3 hobgoblins
  6 jackals
  9 kobolds
  4 quokkas
  3 ball pythons
  8 frilled lizards
  5 rats
117 creatures vanquished.

Notes
Turn   | Place    | Note
-------+----------+-------------------------------------------
     0 | D:1      | Leeroy the Merfolk Gladiator began the quest for the Orb.
     0 | D:1      | Reached XP level 1. HP: 16/16 MP: 1/1
    98 | D:1      | Reached skill level 4 in Long Blades
   100 | D:1      | Reached XP level 2. HP: 22/22 MP: 2/2
   120 | D:1      | Found a faded altar of an unknown god.
   586 | D:1      | Reached XP level 3. HP: 27/27 MP: 3/3
   588 | D:1      | Reached skill level 5 in Long Blades
  1089 | D:2      | Noticed Terence
  1100 | D:2      | Killed Terence
  1101 | D:2      | Reached skill level 6 in Long Blades
  1101 | D:2      | Reached XP level 4. HP: 31/33 MP: 4/4
  1132 | D:2      | Noticed Jessica
  1140 | D:2      | Killed Jessica
  1434 | D:3      | Reached XP level 5. HP: 32/38 MP: 5/5
  1700 | D:3      | Reached skill level 7 in Long Blades
  1705 | D:3      | Found a bloodstained altar of Trog.
  1787 | D:3      | Found an opulent altar of Gozag.
  1789 | D:3      | Identified the +9 trident of Bloody Death {heavy, rCorr
                  | Dex-3 Stlth+}
  1959 | D:4      | Reached XP level 6. HP: 21/44 MP: 6/6
  2075 | D:4      | Found Luogit's Antique Armour Shop.
  2079 | D:4      | Reached skill level 8 in Long Blades
  2339 | D:4      | Reached skill level 9 in Long Blades
  2541 | D:5      | Entered Level 5 of the Dungeon
  2560 | D:5      | Reached XP level 7. HP: 46/50 MP: 7/7
  2739 | D:5      | Reached skill level 10 in Long Blades
  3210 | D:5      | Reached skill level 11 in Long Blades
  3210 | D:5      | Reached XP level 8. HP: 36/56 MP: 8/8
  3341 | D:5      | Found a shimmering blue altar of Sif Muna.
  3808 | D:6      | Found a staircase to the Ecumenical Temple.
  3815 | Temple   | Entered the Ecumenical Temple
  3969 | Temple   | Became a worshipper of Warmaster Okawaru
  3999 | D:6      | Reached skill level 12 in Long Blades
  4327 | D:6      | Found a glowing golden altar of the Shining One.
  4888 | D:7      | Reached * piety under Okawaru
  4889 | D:7      | Reached skill level 13 in Long Blades
  4895 | D:7      | Asphyxiated

Illustrated notes

Levels and vault maps discovered:
D:1:      mrwooster_arrival_statue_2, layout_loops_ring,
          shapermc_ecumenical_altar_acropolis, st_stairs_14,
          minmay_misc_feat_rugged, dreamdust_mushroom_princess
D:2:      layout_rooms, uniq_terence, uniq_jessica
D:3:      layout_rooms, mainiacjoe_overflow_24_doors,
          mainiacjoe_overflow_surrounded_room
D:4:      layout_rooms, serial_shops, shop
D:5:      layout_loops_ring, nicolae_sif_muna_little_library
D:6:      layout_basic, mainiacjoe_overflow_brackets,
          minmay_temple_entry_junction
D:7:      layout_basic, lemuel_doored_altar
Temple:   nicolae_temple_bog_church

Skill      XL: |  1  2  3  4  5  6  7  8 |
---------------+-------------------------+-----
Long Blades    | 4 6 7 9 11 13 | 13.1
Fighting       | |  2.1
Throwing       | |  2.0
Dodging        | |  4.0

Action                     |  1- 3 |  4- 6 |  7- 9 || total
---------------------------+-------+-------+-------++-------
  Melee: Long sword        |   107 |    47 |   121 ||   275
         Trident           |       |    44 |    40 ||    84
         Punch             |       |       |     2 ||     2
 Armour: Leather armour    |    30 |       |       ||    30
         Plate armour      |    15 |    81 |   136 ||   232
  Dodge: Dodged            |    97 |    37 |    44 ||   178

Table legend: (Time is in decaauts)
 A = Elapsed time spent in this place.
 B = Non-inter-level travel time spent in this place.
 C = Inter-level travel time spent in this place.
 D = Time resting spent in this place.
 E = Time spent auto-exploring this place.
 F = Levels seen in this place.
 G = Mean time per level.
                   A        B        C        D        E       F      G
               +--------+--------+--------+--------+--------+-----+--------+
         Total |   4923 |   4658 |    265 |      0 |   3838 |   8 |  615.4 |
       Dungeon |   4791 |   4567 |    224 |      0 |   3758 |   7 |  684.4 |
        Temple |    132 |     91 |     41 |      0 |     79 |   1 |  132.0 |
               +--------+--------+--------+--------+--------+-----+--------+

Top non-repeatable levels by time:
     D:5: 1135 daAuts
     D:6: 1033 daAuts
     D:1: 852 daAuts
     D:4: 638 daAuts
     D:2: 584 daAuts
     D:3: 518 daAuts
  Temple: 132 daAuts
     D:7: 28 daAuts
